 Dungeon Crawl Stone Soup version 0.17.1-2-g5865329 (webtiles) character file.

157 ololoev the Chopper (level 5, -8/61 HPs)
             Began as a Demonspawn Berserker on Jan 20, 2016.
             Was a Believer of Trog.
             Mangled by Crazy Yiuf
             ... wielding a +2 quarterstaff of chaos
              (14 damage)
             ... on level 4 of the Dungeon.
             The game lasted 00:06:51 (616 turns).

ololoev the Chopper (Demonspawn Berserker)           Turns: 616, Time: 00:06:51

Health: -8/61      AC:  5    Str: 23    XL:     5   Next: 15%
Magic:  0/5        EV: 11    Int:  9    God:    Trog [**....]
Gold:   85         SH:  0    Dex: 12    Spells: 0 memorised, 4 levels left

rFire  + . .     SeeInvis .     a - +0 war axe
rCold  . . .     Clarity  .     i - +0 ring mail {rF+}
rNeg   . . .     SustAt   .     (no shield)
rPois  .         Gourm    .     (no helmet)
rElec  .         Spirit   +     (no cloak)
rCorr  .         Warding  .     (no gloves)
rMut   .         Stasis   .     (no boots)
MR     .....                    (no amulet)
Stlth  ..........               (no ring)
                                (no ring)

@: berserking (expiring), very quick, not resistant to hostile enchantments,
extremely unstealthy
A: magic shield, magic regeneration
a: Berserk, Trog's Hand, Burn Spellbooks, Renounce Religion


Innate Abilities, Weirdness & Mutations

When hurt, damage is shared between your health and your magic reserves.
You regenerate magic rapidly.

Inventory:

Hand Weapons
 a - a +0 war axe (weapon)
Armour
 i - a +0 ring mail of fire resistance (worn)
Jewellery
 k - an uncursed ring of teleportation
Scrolls
 b - a scroll of teleportation
 d - a scroll of immolation
 f - a scroll of fear {unknown}
 h - 2 scrolls of enchant weapon
 m - a scroll of magic mapping {unknown}
Potions
 e - a potion of lignification {unknown}
 j - a potion of invisibility
Comestibles
 c - 2 bread rations
 n - 2 chunks of flesh


   Skills:
 - Level 3.0 Fighting
 * Level 4.6 Axes
 + Level 3.1 Armour
 - Level 1.7 Dodging


You had 4 spell levels left.
You didn't know any spells.


You were on level 4 of the Dungeon.
You worshipped Trog.
Trog was pleased with you.
You were hungry.

You visited 1 branch of the dungeon, and saw 4 of its levels.

You collected 85 gold pieces.

#..
#....#
#.
#P.PP#
##.P.#
##.##
##.#
#.##
##.#
#.##
#@#
#.g.#
#...#
#)..#
#####

Notes
Turn   | Place    | Note
--------------------------------------------------------------
     0 | D:1      | ololoev the Demonspawn Berserker began the quest for the Orb.
     0 | D:1      | Reached XP level 1. HP: 18/18 MP: 1/1
   106 | D:1      | Gained mutation: When hurt, damage is shared between your health and your magic reserves. [demonic ancestry]
   106 | D:1      | Reached XP level 2. HP: 14/24 MP: 2/2
   406 | D:4      | Reached ** piety under Trog
   444 | D:4      | Reached XP level 3. HP: 18/29 MP: 1/3
   491 | D:4      | Noticed kaze's ghost (amateur TrBe)
   510 | D:4      | Killed kaze's ghost
   510 | D:4      | Reached skill level 4 in Axes
   510 | D:4      | Gained mutation: You regenerate magic rapidly. [demonic ancestry]
   510 | D:4      | Reached XP level 4. HP: 6/35 MP: 0/4
   553 | D:4      | Reached XP level 5. HP: 22/41 MP: 5/5
   608 | D:4      | Noticed Crazy Yiuf
   616 | D:4      | Mangled by Crazy Yiuf

Dungeon Overview and Level Annotations

Branches:
Dungeon (4/15)
 Temple: D:4-7

Altars:

Annotations:
D:4 Crazy Yiuf


Message History

You swing at nothing.
You swing at nothing.
You feel less exhausted.
You swing at nothing.
You are now empty-handed.
Wield which item (- for none, * to show all)? (? for menu, Esc to quit)
k - a +0 war axe (weapon)
a - a +0 war axe (weapon);
k - an uncursed ring of teleportation You open the door.
Crazy Yiuf the Enlightened comes into view.
He is wielding a quarterstaff of chaos.
Crazy Yiuf shouts!
Found a runed mace.
There is an open door here.
Use which ability? (? or * to list)
A red film seems to cover your vision as you go berserk!
You feel yourself moving faster!
You feel mighty!
You are feeling hungry.
Crazy Yiuf hits you with a quarterstaff of chaos!
You hit Crazy Yiuf.
Crazy Yiuf is lightly wounded.
Crazy Yiuf grits, "Whippet canine testudinal!"
Crazy Yiuf hits you with a quarterstaff of chaos.
You slash Crazy Yiuf!
Crazy Yiuf is heavily wounded.
You closely miss Crazy Yiuf.
Crazy Yiuf is heavily wounded.
Crazy Yiuf barely misses you.
You closely miss Crazy Yiuf.
Crazy Yiuf is heavily wounded.
Crazy Yiuf hits you with a quarterstaff of chaos.
You slash Crazy Yiuf!
Crazy Yiuf is almost dead.
Crazy Yiuf hits you with a quarterstaff of chaos.
You are electrocuted!
You barely miss Crazy Yiuf.
Crazy Yiuf is almost dead.
Crazy Yiuf screams, "Orb cloud foot!"
Crazy Yiuf hits you with a quarterstaff of chaos.
You are electrocuted!
You die...

You could see Crazy Yiuf.

Vanquished Creatures
  The ghost of kaze the Ruffian, an amateur TrBe of Trog (D:4)
  A worker ant (D:4)
  2 oozes
  A giant gecko (D:1)
  4 orcs (D:4)
  6 giant cockroaches
  3 hobgoblins
  4 kobolds (D:1)
  A ball python (D:1)
  A bat (D:1)
  3 giant newts (D:1)
27 creatures vanquished.

Action                   |  1- 3 |  4- 6 || total
-------------------------+-------+-------++-------
Melee: Hand axe          |    60 |       ||    60
       War axe           |    21 |    11 ||    32
Invok: Berserk           |     4 |     2 ||     6
       Trog's Hand       |     1 |       ||     1
  Use: Scroll            |     4 |     1 ||     5
 Stab: Sleeping          |     1 |       ||     1
  Eat: Chunk             |     1 |     2 ||     3
       Pizza             |     1 |       ||     1

Vault maps used:
D:1:      eino_arrival_cavern_b, st_stairs_5, minmay_ruptured
D:2:      zin_scriptorium, lemuel_coloured_pillars_altar, first_bread,
          ecumenical_altar_2
D:4:      uniq_crazy_yiuf_cottage
